 Dungeon Sprint DCSS version 0.27-a0-1591-gc56fcc985a (webtiles) character file.

Game seed: 3344361620609722546

70 Conn the Magician (level 4, 0/27 HPs)
             Began as an Octopode Hedge Wizard on July 19, 2021.
             Slain by Sigmund (9 damage)
             ... in the Dungeon (Sprint I: "Red Sonja").
             The game lasted 00:03:47 (241 turns).

Conn the Magician (Octopode Hedge Wizard)            Turns: 241, Time: 00:03:48

Health: 0/27       AC:  1    Str:  9    XL:     4   Next: 22%
Magic:  12/12      EV: 13    Int: 17    God:
Gold:   108        SH:  0    Dex: 11    Spells: 5/15 levels left

rFire    . . .     SeeInvis .   a - +0 dagger
rCold    . . .     Faith    .   (no shield)
rNeg     . . .     Spirit   .   b - +0 hat
rPois    .         Reflect  .   (no amulet)
rElec    .         Harm     .   (no ring)
rCorr    .         Rampage  .   (no ring)
Will     .....     NoTele   +   (no ring)
Stlth    ++........             (no ring)
HPRegen  0.09/turn              (no ring)
MPRegen  0.13/turn              (no ring)
                                (no ring)
                                (no ring)

@: confused
A: almost no armour, amphibious, 8 rings, camouflage 1, gelatinous body 1,
(nimble swimmer 1), tentacles
a: no special abilities


You were in the Dungeon.
You visited 1 branch You collected 108 gold pieces.

Inventory:

Hand Weapons
 a - a +0 dagger (weapon)
Armour
 b - a +0 hat (worn)
Wands
 c - a wand of digging (5)
Scrolls
 h - a scroll of blinking
Potions
 f - a potion of magic


   Skills:
 + Level 0.1 Fighting
 + Level 0.6 Short Blades
 + Level 3.2 Dodging
 + Level 4.4 Stealth
 + Level 6.0 Spellcasting
 * Level 2.1 Conjurations
 + Level 1.2 Summonings
 * Level 2.1 Translocations
 * Level 1.6 Fire Magic


You had 5 spell levels left.
You knew the following spells:

 Your Spells              Type           Power      Damage    Failure   Level
a - Magic Dart            Conj           48%        1d5       5%          1
b - Call Imp              Summ           9%         N/A       12%         2
c - Blink                 Tloc           N/A        N/A       9%          2
d - Slow                  Hex            5%         N/A       19%         2
e - Conjure Flame         Conj/Fire      11%        6-21      17%         3

Your spell library contained the following spells:

 Spells                   Type           Power      Damage    Failure   Level
 Mephitic Cloud           Conj/Pois/Air  7%         N/A       28%         3


Dungeon Overview and Level Annotations

Branches:
Dungeon (1/1)

Altars:

Annotations:
D Sigmund


Innate Abilities, Weirdness & Mutations

You cannot wear most types of armour.
You are amphibious.
You can wear up to eight rings at the same time.
Your skin changes colour to match your surroundings (Stealth+).
Your rubbery body absorbs attacks. (AC +1, EV +1)
((You are camouflaged near water. (Stealth+)))
You have tentacles for arms and can constrict up to eight enemies at once.


Message History

You close the door.
Something unseen opens the door.
You close the door.
Something unseen opens the door.
You close the door.
Something unseen opens the door.
You close the door.
Something unseen opens the door.
You close the door.
Sigmund opens the door.
Casting: Call Imp (safe; 12% risk of failure)
Confirm with . or Enter, or press ? or * to list all spells.
Aiming: Slow (safe; 19% risk of failure)
Press: ? - help, Shift-Dir - straight line, f - Sigmund
Aim: Sigmund, wielding a +0 scythe and wearing a +0 robe (moderately wounded, chance to affect: 48%)
Okay, then.
Casting: Slow (safe; 19% risk of failure)
Confirm with . or Enter, or press ? or * to list all spells.
Okay, then.
Sigmund gestures at you while chanting.
You are confused.
Okay, then.
Unknown command.
Unknown command.
Sigmund gestures at you while chanting. The puff of flame hits you!
* * * LOW HITPOINT WARNING * * *
Things that are here:
a +0 dagger; a +0 scale mail Sigmund points at you and mumbles some strange words.
You are more confused.
You feel much better. Magic courses through your body.
You are too confused!
Sigmund gestures at you while chanting. The magic dart hits you!
There is a staircase leading out of the dungeon here.
Sigmund barely misses you. Sigmund barely misses you.
You hit Sigmund.
Sigmund is moderately wounded.
Sigmund hits you with a +0 scythe!
Sigmund says, "Your kind have come here before.
I understand now why.
You desire death..."
Sigmund hits you from afar with a +0 scythe!
You die...

########## ##
#<.#..').#..+
#..@..#..'..#
#...####'####
#.@## #..#
#..# ####
#..# #⌠⌠#
#.## #..#
####


You could see Sigmund.

Vanquished Creatures
  Ijyb (D)
1 creature vanquished.

Vanquished Creatures (collateral kills)
  An ogre (D)
1 creature vanquished.

Grand Total: 2 creatures vanquished

Notes
Turn   | Place    | Note
-------+----------+-------------------------------------------
     0 | D        | Conn the Octopode Hedge Wizard began the quest for the Orb.
     0 | D        | Reached XP level 1. HP: 11/11 MP: 4/4
     2 | D        | Noticed Ijyb
    17 | D        | Killed Ijyb
    18 | D        | Reached skill level 5 in Spellcasting
    18 | D        | Reached XP level 2. HP: 17/17 MP: 0/8
    18 | D        | Reached XP level 3. HP: 21/21 MP: 0/9
   100 | D        | Learned a level 2 spell: Call Imp
   103 | D        | Learned a level 2 spell: Blink
   106 | D        | Learned a level 2 spell: Slow
   110 | D        | Learned a level 3 spell: Conjure Flame
   127 | D        | Noticed an ogre
   133 | D        | Killed an ogre
   134 | D        | Reached skill level 6 in Spellcasting
   134 | D        | Reached skill level 1 in Fire Magic
   134 | D        | Reached XP level 4. HP: 27/27 MP: 6/12
   186 | D        | Noticed Sigmund
   241 | D        | Slain by Sigmund

Illustrated notes

Levels and vault maps discovered:
D:        dungeon_sprint_1 [red_sonja_temple_1, red_sonja_temple_small_1]

Skill      XL: |  1  2  3 |
---------------+----------+-----
Stealth        | 3 4 |  4.4
Spellcasting   | 5 6 |  6.0
Dodging        | 3 |  3.2
Conjurations   | 2 |  2.1
Translocations | 2 |  2.1
Fire Magic     | 1 |  1.6
Fighting       | |  0.1
Short Blades   | |  0.6
Summonings     | |  1.2

Action                   |  1- 3 |  4- 6 || total
-------------------------+-------+-------++-------
Melee: Dagger            |     7 |     1 ||     8
       Tentacles         |     2 |       ||     2
       Constrict         |     1 |       ||     1
 Cast: Magic Dart        |     5 |       ||     5
       Call Imp          |     2 |     5 ||     7
Evoke: Wand              |     1 |       ||     1
  Use: Potion            |     3 |     2 ||     5
Dodge: Dodged            |     3 |     2 ||     5

Table legend: (Time is in decaauts)
 A = Elapsed time spent in this place.
 B = Non-inter-level travel time spent in this place.
 C = Inter-level travel time spent in this place.
 D = Time resting spent in this place.
 E = Time spent auto-exploring this place.
 F = Levels seen in this place.
 G = Mean time per level.
                   A        B        C        D        E       F      G
               +--------+--------+--------+--------+--------+-----+--------+
         Total |    231 |    231 |      0 |    100 |      0 |   1 |  231.0 |
       Dungeon |    231 |    231 |      0 |    100 |      0 |   1 |  231.0 |
               +--------+--------+--------+--------+--------+-----+--------+

Top non-repeatable levels by time:
       D: 231 daAuts
